 Dungeon Crawl Stone Soup version 0.29-a0-330-g52719c12eb (webtiles) character file.

Game seed: 1436489786505597327

106713 Aelig the Maledictor (level 15, -2/95 HPs)
             Began as a Vampire Enchanter on May 20, 2022.
             Was the Champion of Wu Jian.
             Slain by a large abomination (34 damage)
             ... on level 3 of the Abyss.
             The game lasted 01:59:21 (31085 turns).

Aelig the Maledictor (Vampire Enchanter)           Turns: 31085, Time: 01:59:22

Health: -2/95      AC:  9    Str:  7      XL:     15   Next: 98%
Magic:  7/27       EV: 17    Int: 22 (25) God:    Wu Jian [******]
Gold:   1811       SH:  0    Dex: 12 (16) Spells: 8/31 levels left

rFire   + . .      SeeInvis +   a - +3 dagger (venom)
rCold   + + +      Faith    .   (no shield)
rNeg    + + +      Spirit   .   R - +2 robe {rF+}
rPois   ∞          Reflect  .   W - +2 helmet {Int+3}
rElec   +          Harm     .   G - scarf {shadows}
rCorr   +          Rampage  .   l - +0 pair of gloves
Will    ++...                   P - +0 pair of boots
Stlth   ++++++++++              Y - amulet of Roraty {Fly Regen+ Stlth+}
HPRegen 0.00/turn               V - ring of willpower
MPRegen 0.20/turn               L - ring of Wishful Thinking {rElec rPois rC+ rCorr Int-2}

@: confusing by touch, about to teleport, flying, bloodless, inhibited regen
A: bloodless, fangs 3, see invisible, vampiric 2
a: Bat Form, Revivify, Renounce Religion, Wall Jump, Serpent's Lash, Heavenly
Storm


You were on level 3 of the Abyss.
You worshipped Wu Jian.
Wu Jian was exalted by your worship.
You visited 4 branches of the dungeon, and saw 26 of its levels.
You visited the Abyss 1 time.
You also visited: Ice Cave.

You collected 2525 gold pieces.
You spent 714 gold pieces at shops.

Inventory:

Hand Weapons
 a - a +3 dagger of venom (weapon)
Missiles
 f - 877 stones (quivered)
 E - 9 throwing nets
Armour
 l - a +0 pair of gloves (worn)
 G - a scarf of shadows (worn)
 P - a +0 pair of boots (worn)
 R - a +2 robe of fire resistance (worn)
 W - a +2 helmet of intelligence (worn)
Jewellery
 K - a ring of protection from fire
 L - the ring of Wishful Thinking (right hand) {rElec rPois rC+ rCorr Int-2}
   (You found it on level 10 of the Dungeon)

   [ring of protection from cold]

   Int:       It affects your intelligence (-2).
   rC:        It protects you from cold.
   rElec:     It insulates you from electricity.
   rPois:     It protects you from poison.
   rCorr:     It protects you from acid and corrosion.
 V - a ring of willpower (left hand)
 Y - the amulet of Roraty (around neck) {Fly Regen+ Stlth+}
   (You bought it in a shop on level 2 of the Orcish Mines)

   [amulet of regeneration]

   Fly:       It grants you flight.
   Regen:     It increases your rate of health regeneration.
   Stlth:     It makes you more stealthy.
 Z - an amulet of faith
Wands
 g - a wand of charming (12)
 m - a wand of flame (80)
 n - a wand of paralysis (24)
 H - a wand of polymorph (21)
 M - a wand of mindburst (16)
 S - a wand of iceblast (14)
 T - a wand of digging (12)
 U - a wand of acid (16)
Scrolls
 i - 4 scrolls of amnesia
 k - 6 scrolls of blinking
 p - 3 scrolls of teleportation
 q - 2 scrolls of holy word
 t - 4 scrolls of enchant weapon
 u - 8 scrolls of enchant armour
 w - 3 scrolls of torment
 y - 3 scrolls of magic mapping
 B - 2 scrolls of vulnerability
 C - 6 scrolls of immolation
 D - 2 scrolls of silence
 F - 2 scrolls of brand weapon
 O - a scroll of summoning
 Q - a scroll of fear
Potions
 b - a potion of resistance {unknown}
 c - 5 potions of invisibility
 d - 4 potions of mutation
 e - 5 potions of heal wounds
 h - 5 potions of lignification
 j - 5 potions of attraction
 o - 3 potions of brilliance
 r - 13 potions of curing
 s - 2 potions of might
 x - 8 potions of haste
 z - 3 potions of ambrosia
 A - 2 potions of cancellation
 I - 2 potions of magic
 N - a potion of flight {unknown}


   Skills:
 + Level 11.2 Fighting
 - Level 12.0 Short Blades
 - Level 12.0 Dodging
 - Level 20.0 Stealth
 + Level 8.7 Spellcasting
 + Level 21.0 Hexes
 - Level 1.9 Necromancy
 - Level 2.0 Translocations
 - Level 2.0 Ice Magic


You had 8 spell levels left.
You knew the following spells:

 Your Spells              Type           Power      Damage    Failure   Level
a - Ensorcelled Hibernat  Hex/Ice        100%       N/A       1%          2
b - Confusing Touch       Hex            80%        N/A       0%          3
c - Tukima's Dance        Hex            80%        N/A       0%          3
d - Dazzling Flash        Conj/Hex       100%       N/A       1%          3
e - Cause Fear            Hex            40%        N/A       0%          4
f - Enfeeble              Hex            40%        N/A       1%          7
z - Apportation           Tloc           36%        N/A       3%          1

Your spell library contained the following spells:

 Spells                   Type           Power      Damage    Failure   Level
 Inner Flame              Hex/Fire       54%        N/A       1%          3
 Summon Guardian Golem    Hex/Summ       54%        N/A       1%          3
 Anguish                  Hex/Necr       28%        N/A       1%          4
 Animate Skeleton         Necr           36%        N/A       3%          1
 Freeze                   Ice            72%        1d9       3%          1
 Pain                     Necr           72%        1d7       3%          1
 Blink                    Tloc           36%        N/A       4%          2
 Sublimation of Blood     Necr           18%        N/A       4%          2
 Foxfire                  Conj/Fire      36%        2x1d5     7%          1
 Magic Dart               Conj           36%        1d4       7%          1
 Summon Small Mammal      Summ           36%        N/A       7%          1
 Corpse Rot               Necr/Air       26%        N/A       7%          2
 Lesser Beckoning         Tloc           18%        N/A       9%          3
 Discord                  Hex            40%        N/A       9%          8
 Vampiric Draining        Necr           18%        2d7       10%         3
 Call Imp                 Summ           9%         N/A       11%         2
 Poisonous Vapours        Pois/Air       18%        N/A       11%         2
 Scorch                   Fire           18%        2d6       11%         2
 Static Discharge         Conj/Air       9%         N/A       11%         2
 Wereblood                Tmut           9%         N/A       11%         2
 Call Canine Familiar     Summ           9%         N/A       21%         3
 Conjure Flame            Conj/Fire      9%         6-21      21%         3
 Ignite Poison            Fire/Tmut/Pois 9%         N/A       21%         3
 Mephitic Cloud           Conj/Pois/Air  9%         N/A       21%         3
 Stone Arrow              Conj/Erth      18%        3d8       21%         3
 Animate Dead             Necr           9%         N/A       30%         4
 Dispel Undead            Necr           18%        3d11      30%         4
 Hailstorm                Conj/Ice       14%        3d5       41%         4
 Ice Form                 Ice/Tmut       14%        N/A       41%         4
 Summon Ice Beast         Ice/Summ       14%        N/A       41%         4
 Animate Armour           Summ/Erth      18%        N/A       56%         4
 Flame Wave               Conj/Fire      9%         2d5       56%         4
 Olgreb's Toxic Radiance  Pois           9%         N/A       56%         4
 Sticky Flame             Conj/Fire      9%         2d3       56%         4
 Manifold Assault         Tloc           18%        N/A       63%         5
 Borgnjor's Vile Clutch   Necr/Erth      6%         N/A       77%         5
 Summon Forest            Summ/Tloc      7%         N/A       77%         5
 Freezing Cloud           Conj/Ice/Air   6%         6-21      82%         5
 Alistair's Intoxication  Tmut/Pois      6%         N/A       88%         5
 Blade Hands              Tmut           4%         N/A       88%         5
 Irradiate                Conj/Tmut      4%         3d14      88%         5
 Simulacrum               Ice/Necr       9%         N/A       99%         6
 Eringya's Noxious Bog    Tmut/Pois      4%         N/A       100%        6
 Summon Cactus Giant      Summ           4%         N/A       100%        6
 Dragon Form              Tmut           4%         N/A       100%        7
 Haunt                    Necr/Summ      6%         N/A       100%        7
 Ozocubu's Refrigeration  Ice            9%         4d6       100%        7
 Summon Hydra             Summ           4%         N/A       100%        7
 Ignition                 Fire           4%         3d4       100%        8
 Lehudib's Crystal Spear  Conj/Erth      4%         10d3      100%        8
 Summon Horrible Things   Summ           4%         N/A       100%        8
 Borgnjor's Revivificati  Necr           Unusable   N/A       N/A         8

Dungeon Overview and Level Annotations

Branches:
Dungeon (14/15)            Temple (0/1) D:7            Lair (6/6) D:8
  Swamp (4/4) Lair:2       Spider (0/4) Lair:2        Slime (0/5) Lair:5
    Orc (2/2) D:10            Elf (0/3) Orc:2        Vaults (0/5) D:14
  IceCv (visited)

Altars:
Ashenzari
Dithmenos
Fedhas
Makhleb
Sif Muna
Uskayaw
Vehumet
Wu Jian
Yredelemnul
Beogh
Jiyva

Shops:
D:6 (   D:8 (   D:10 *   Orc:2 [((=(

Annotations:
D:5 2 transporters
D:9 Harold
Lair:4 Rupert
Lair:6 exclusion: door
Abyss:3 1 runed translucent door


Innate Abilities, Weirdness & Mutations

You do not regenerate when monsters are visible.
You are frail without blood (-20% HP).
You can heal yourself when you bite living creatures.
You are immune to poison.
You have razor-sharp teeth.
You have supernaturally acute eyesight. (SInv)
You are afflicted with vampirism and can become a bat while bloodless.


Message History

The helpless glowing orange brain fails to defend itself.
You bite the glowing orange brain, and draw its blood!
You skewer the glowing orange brain like a kebab!!!!!
You kill the glowing orange brain!
That felt strangely unrewarding.
Casting: Enfeeble (dangerous; 1% risk of failure)
Confirm with . or Enter, or press ? or * to list all spells.
Your hands begin to glow red.
The large abomination hits you!!
Press: ? - help, v - describe, . - travel
Here: a large abomination (chance to confuse on hit: 18%)
The floor.
Casting: Confusing Touch (safe; 0% risk of failure)
Confirm with . or Enter, or press ? or * to list all spells.
Aiming: Enfeeble (dangerous; 1% risk of failure)
Press: ? - help, Shift-Dir - straight line, f - large abomination
Aim: a large abomination (chance to confuse on hit: 18%, will inflict weakness, chance to daze and blind: 65%)
The large abomination partially resists.
The large abomination is enfeebled!
The large abomination hits you.
Casting: Enfeeble (dangerous; 1% risk of failure)
Confirm with . or Enter, or press ? or * to list all spells.
Aiming: Enfeeble (dangerous; 1% risk of failure)
Press: ? - help, Shift-Dir - straight line, f/p - large abomination
Aim: a large abomination (weak, chance to confuse on hit: 18%, will inflict weakness, chance to daze and blind: 65%)
The large abomination partially resists.
The large abomination is enfeebled!
The large abomination misses you.
As you read the scroll of teleportation, it crumbles to dust.
You feel strangely unstable.
You feel the power of the Abyss delaying your translocation!
The large abomination closely misses you.
The large abomination attacks as you move away!
The large abomination hits you!!
The large abomination attacks as you move away!
The large abomination barely misses you.
The large abomination hits you!
The large abomination attacks as you move away!
The large abomination hits you!
The large abomination is no longer weakened.
The large abomination attacks as you move away!
The large abomination hits you!!
You die...

###§#§.##. .. #
....##.......##.#.♣
.##..#.....#.......
.#.##..≈#.##≈#.≈≈♣
.#.§#.≈≈≈.#.≈.≈..≈# ♣
#....#≈§§§..##≈..≈♣#♣.
..###.≈≈.≈.*..≈≈≈..#.≈
..#..@X≈≈§x≈.≈.≈≈ .≈#
..#####≈≈≈##.≈≈.♣≈≈≈#.
......#§.§.##≈.... *.
######..≈♣.....#.#.##
...#.≈....#..# .#
####....≈≈.#.....+
#.....#.##.. .# .#..≈.
..#). #. ....=#


You could see a large abomination, a small abomination and a lurking horror.

Vanquished Creatures
  Mlioglotl (Swamp:2)
  4 fenstrider witches
  Louise (Swamp:2)
  A ghoul (Swamp:4)
  Nessos (Lair:5)
  Azrael (D:14)
  2 eleionomae
  4 bunyips
  A green death (Swamp:3)
  A shambling mangrove (Swamp:4)
  3 boulder beetles
  11 hydras
  3 ghost crabs (Swamp:4)
  14 alligators
  An ogre mage (Swamp:4)
  4 two-headed ogres
  A catoblepas (Lair:6)
  2 centaur warriors
  4 spriggans
  Urug (Orc:1)
  3 skeletal warriors (D:13)
  A sixfirhy (Swamp:4)
  2 goliath frogs (Swamp:2)
  A glowing orange brain (Abyss:3)
  4 spriggan druids
  4 swamp dragons
  An orb spider (Lair:2)
  3 bog bodies
  A wizard (Lair:6)
  An orc knight (Orc:2)
  3 deep elf pyromancers
  An ugly thing (D:12)
  A manticore (D:11)
  An orc sorcerer (Orc:2)
  A cyclops (D:13)
  4 elephants
  13 cane toads
  3 black mambas
  An orange demon (Swamp:4)
  A torpor snail (Lair:6)
  2 unseen horrors
  6 komodo dragons
  4 rime drakes
  A kobold demonologist (D:12)
  A freezing wraith (D:14)
  3 hellwings (Swamp:4)
  2 tengu conjurers (D:13)
  2 burning bushes (Lair:6)
  A troll (D:12)
  13 tyrant leeches
  3 polar bears (Lair:3)
  A bloated husk (Swamp:4)
  3 hydra zombies (Swamp:3)
  6 hornets
  17 blink frogs
  6 slime creatures (D:13)
  2 shadows
  A dancing weapon (D:7)
  4 wyverns
  94 yaks
  2 wraiths
  6 basilisks
  A neqoxec (Swamp:4)
  7 vampire mosquitoes
  A chaos spawn (Swamp:4)
  8 wargs
  Menkaure (D:4)
  9 swamp worms
  3 acid dragons
  Duvessa (D:7)
  22 water moccasins
  3 hell hounds
  2 black bears
  21 orc warriors
  2 ice beasts
  3 ogres
  31 wolves
  8 centaurs
  4 kobold brigands
  15 bullfrogs
  Blork the orc (D:6)
  3 gnoll sergeants
  2 necrophages
  3 scorpions
  Dowan (D:7)
  A wight (D:7)
  2 electric eels
  4 howler monkeys
  A crimson imp (D:7)
  6 orc priests
  7 hounds
  5 gnoll shamans
  Natasha (twice) (D:4)
  4 iguanas
  15 orc wizards
  Robin (D:4)
  5 adders
  30 gnolls
  2 shadow imps
  An ufetubus (D:5)
  4 dart slugs
  63 orcs
  7 endoplasms
  3 giant cockroaches
  13 goblins
  12 hobgoblins
  4 jackals
  3 quokkas
  7 ball pythons
  5 bats
  4 frilled lizards
  29 kobolds
  3 rats
686 creatures vanquished.

Vanquished Creatures (collateral kills)
  2 two-headed ogres
  8 orc warriors
  2 centaurs (Orc:2)
  3 wights (D:7)
  An orc priest (Orc:1)
  An orc wizard (D:9)
  9 gnolls
  13 orcs
39 creatures vanquished.

Vanquished Creatures (others)
  A bloated husk (Swamp:1)
  14 dancing weapons
  A kobold (D:10)
  6 foxfires (Swamp:2)
  34 fungi
  22 plants
78 creatures vanquished.

Grand Total: 803 creatures vanquished

Notes
Turn   | Place    | Note
-------+----------+-------------------------------------------
     0 | D:1      | Aelig the Vampire Enchanter began the quest for the Orb.
     0 | D:1      | Reached XP level 1. HP: 13/13 MP: 3/3
   263 | D:1      | Reached XP level 2. HP: 18/19 MP: 5/5
   270 | D:1      | Learned a level 2 spell: Ensorcelled Hibernation
   303 | D:1      | Reached skill level 5 in Hexes
   490 | D:1      | Found a faded altar of an unknown god.
   692 | D:1      | Gained mutation: You are afflicted with vampirism and can
                  | become a bat while bloodless. [Vampire growth]
   692 | D:1      | Reached XP level 3. HP: 24/24 MP: 7/7
   863 | D:2      | Learned a level 3 spell: Confusing Touch
  1436 | D:2      | Reached skill level 6 in Hexes
  1436 | D:2      | Reached XP level 4. HP: 24/24 MP: 8/8
  1893 | D:3      | Found a blossoming altar of Fedhas.
  2182 | D:3      | Found a basalt altar of Yredelemnul.
  2370 | D:4      | Reached XP level 5. HP: 28/28 MP: 10/10
  2372 | D:4      | Identified the +8 long sword of Ignis's Reproof {holy, rC+
                  | Str+3 Dex+4}
  2459 | D:4      | Noticed Robin
  2813 | D:4      | Learned a level 3 spell: Tukima's Dance
  2817 | D:4      | Learned a level 3 spell: Dazzling Flash
  2878 | D:4      | Reached skill level 7 in Hexes
  2888 | D:4      | Killed Robin
  3295 | D:4      | Noticed Menkaure
  3403 | D:4      | Noticed Natasha
  3409 | D:4      | Killed Natasha
  3612 | D:5      | Entered Level 5 of the Dungeon
  3621 | D:5      | Noticed a black bear
  3632 | D:5      | Killed a black bear
  3633 | D:5      | Reached skill level 8 in Hexes
  3633 | D:5      | Reached skill level 1 in Ice Magic
  3633 | D:5      | Reached XP level 6. HP: 27/32 MP: 7/12
  3688 | D:5      | Noticed an ice beast
  3717 | D:5      | Killed an ice beast
  4347 | D:4      | Noticed Natasha
  4354 | D:4      | Killed Natasha
  4383 | D:5      | Reached skill level 9 in Hexes
  4383 | D:5      | Reached XP level 7. HP: 36/36 MP: 10/13
  4511 | D:5      | Reached skill level 5 in Stealth
  4542 | D:5      | Found a transporter.
  4542 | D:5      | Noticed a kobold demonologist
  4554 | D:5      | Found a transporter.
  4574 | D:5      | Found an ornate altar of the Wu Jian Council.
  4641 | D:5      | Became a worshipper of the Wu Jian Council
  4690 | D:6      | Found Poech's Weapon Emporium.
  5003 | D:6      | Noticed Blork the orc
  5049 | D:6      | Found a hide-covered altar of Uskayaw.
  5216 | D:6      | Found a broken altar of Ashenzari.
  5287 | D:5      | Reached skill level 10 in Hexes
  5287 | D:5      | Reached XP level 8. HP: 41/41 MP: 9/14
  5365 | D:6      | Found a shimmering blue altar of Sif Muna.
  5582 | D:7      | Reached skill level 5 in Short Blades
  5740 | D:7      | Noticed Dowan
  5742 | D:7      | Noticed Duvessa
  5750 | D:7      | Killed Dowan
  5750 | D:7      | Reached * piety under Wu Jian
  5751 | D:7      | Reached skill level 11 in Hexes
  5947 | D:7      | Killed Duvessa
  6081 | D:7      | Found a shadowy altar of Dithmenos.
  6166 | D:7      | Reached XP level 9. HP: 45/45 MP: 9/15
  6552 | D:7      | Found a staircase to the Ecumenical Temple.
  6608 | D:7      | Found a radiant altar of Vehumet.
  6609 | D:7      | Found a burning altar of Makhleb.
  6712 | D:8      | Reached skill level 10 in Stealth
  6712 | D:8      | Reached skill level 12 in Hexes
  6856 | D:8      | Identified the +1 leather armour of Apathy {rC+}
  6867 | D:8      | Found a staircase to the Lair.
  6907 | D:8      | Reached skill level 1 in Fighting
  7291 | D:8      | Reached ** piety under Wu Jian
  7620 | D:8      | Reached skill level 13 in Hexes
  8243 | D:8      | Found Gulik's Weapon Shoppe.
  8559 | D:9      | Identified the +12 whip of Toothy Trial by Ordeal {holy,
                  | rElec Int-5 Stlth+}
  8674 | D:9      | Reached XP level 10. HP: 56/56 MP: 13/16
  9003 | D:9      | Noticed a two-headed ogre
  9011 | D:9      | Killed a two-headed ogre
  9011 | D:9      | Reached *** piety under Wu Jian
  9199 | D:9      | Noticed Harold
  9458 | D:9      | Reached skill level 14 in Hexes
  9478 | D:9      | Reached skill level 5 in Fighting
 10103 | D:10     | Entered Level 10 of the Dungeon
 10222 | D:10     | Found Hirgh's Assorted Antiques.
 10482 | D:10     | Identified the ring of Wishful Thinking {rElec rPois rC+
                  | rCorr Int-2}
 10534 | D:10     | Reached skill level 10 in Short Blades
 10739 | D:10     | Reached **** piety under Wu Jian
 10989 | D:10     | Found a staircase to the Orcish Mines.
 11078 | D:10     | Reached XP level 11. HP: 66/66 MP: 17/17
 11334 | Lair:1   | Entered Level 1 of the Lair of Beasts
 12467 | Lair:1   | Reached skill level 5 in Dodging
 13256 | Lair:2   | Found a staircase to the Swamp.
 13726 | Lair:2   | Reached ***** piety under Wu Jian
 13933 | Lair:2   | Reached XP level 12. HP: 39/73 MP: 5/18
 14170 | Lair:2   | Found a hole to the Spider Nest.
 14385 | Lair:3   | Found a frozen archway.
 14407 | IceCv    | Entered an ice cave
 14802 | Lair:3   | Noticed an eight-headed hydra
 14805 | Lair:3   | Killed an eight-headed hydra
 15277 | Lair:4   | Reached skill level 15 in Stealth
 15541 | Lair:4   | Noticed Rupert
 15825 | Lair:5   | Noticed Nessos
 15828 | Lair:5   | Killed Nessos
 16023 | Lair:5   | Reached skill level 15 in Hexes
 16023 | Lair:5   | Reached XP level 13. HP: 78/78 MP: 19/19
 16251 | Lair:5   | Found a viscous altar of Jiyva.
 16251 | Lair:5   | Found a staircase to the Slime Pits.
 16488 | Orc:1    | Entered Level 1 of the Orcish Mines
 16491 | Orc:1    | Noticed Urug
 16495 | Orc:1    | Killed Urug
 16724 | Orc:2    | Entered Level 2 of the Orcish Mines
 16822 | Orc:2    | Found a staircase to the Elven Halls.
 16835 | Orc:2    | Found Fiti's Armour Shoppe.
 16861 | Orc:2    | Reached skill level 10 in Dodging
 18947 | Orc:2    | Found Vewen's Jewellery Boutique.
 18947 | Orc:2    | Found Xaass's Weapon Shoppe.
 18948 | Orc:2    | Found Pothra's Weapon Emporium.
 18950 | Orc:2    | Found Daphuuta's Antique Weapon Shop.
 19919 | Lair:6   | Entered Level 6 of the Lair of Beasts
 20015 | Lair:6   | Reached skill level 5 in Spellcasting
 20111 | Lair:6   | Learned a level 1 spell: Apportation
 20291 | Lair:6   | Reached skill level 16 in Hexes
 21845 | Lair:6   | Reached ****** piety under Wu Jian
 21846 | Lair:6   | Reached XP level 14. HP: 84/84 MP: 16/23
 22361 | Lair:6   | Found a burning altar of Makhleb.
 22689 | D:4      | Killed Menkaure
 22778 | D:6      | Killed Blork the orc
 22891 | D:10     | Bought a runed dagger for 170 gold pieces
 23330 | D:11     | Reached skill level 17 in Hexes
 24611 | D:12     | Got Sif Muna's Handbook of Frigorific Illusion
 25533 | D:13     | Reached skill level 18 in Hexes
 25900 | D:13     | Learned a level 7 spell: Enfeeble
 26342 | D:14     | Found a gate to the Vaults.
 26370 | D:14     | Noticed Azrael
 26380 | D:14     | Killed Azrael
 26628 | Swamp:1  | Entered Level 1 of the Swamp
 26986 | Swamp:1  | Reached skill level 19 in Hexes
 26986 | Swamp:1  | Reached XP level 15. HP: 89/89 MP: 12/27
 27423 | Swamp:2  | Noticed a fenstrider witch
 27427 | Swamp:2  | Killed a fenstrider witch
 27653 | Orc:2    | Bought the amulet of Roraty {Fly Regen+ Stlth+} for 544
                  | gold pieces
 27864 | Swamp:2  | Noticed Mlioglotl
 27869 | Swamp:2  | Killed Mlioglotl
 28240 | Swamp:2  | Reached skill level 20 in Hexes
 28251 | Swamp:2  | Reached skill level 10 in Fighting
 28253 | Swamp:2  | Noticed Louise
 28296 | Swamp:2  | Killed Louise
 28362 | Swamp:2  | Learned a level 4 spell: Cause Fear
 28367 | Swamp:2  | Noticed a fenstrider witch
 28368 | Swamp:2  | Killed a fenstrider witch
 28373 | Swamp:2  | Identified the +0 robe "Telim" {Contam Will- Dex+8 Slay+5}
 28554 | Swamp:3  | Found a shadowy altar of Dithmenos.
 29179 | Swamp:3  | Got the Papyrus of Reanimation Made Easy
 29210 | Swamp:4  | Entered Level 4 of the Swamp
 29276 | Swamp:4  | Reached skill level 1 in Necromancy
 29924 | Swamp:4  | Noticed a fenstrider witch
 29931 | Swamp:4  | Killed a fenstrider witch
 29932 | Swamp:4  | Reached skill level 1 in Translocations
 30859 | Swamp:4  | Noticed a fenstrider witch
 30892 | Swamp:4  | Killed a fenstrider witch
 30893 | Swamp:4  | Reached skill level 21 in Hexes
 31061 | Swamp:4  | Cast into level 3 of the Abyss (a wizard)
 31062 | Abyss:3  | Found a runed translucent door.
 31085 | Abyss:3  | Slain by a large abomination

Illustrated notes

Levels and vault maps discovered:
D:1:      amcnicky_arrival_abandoned_market, layout_loops_ring,
          chequers_ecumenical_altar_simple, grunt_decor_cap
D:2:      layout_rooms
D:3:      layout_loops_ring, fedhas_altar_4, mainiacjoe_overflow_cross_hatched
D:4:      layout_loops_cross, uniq_natasha, uniq_robin, uniq_menkaure
D:5:      gammafunk_wand_slinger, layout_rooms, kennysheep_mini, tso_altar
D:6:      layout_basic, tgw_sif, nicolae_uskayaw_dance_hall,
          lemuel_doored_altar, serial_shops, nicolae_shop_bloodbath_and_beyond,
          uniq_blork_the_orc
D:7:      layout_rooms, grunt_temple_overflow_lords_of_destruction,
          nicolae_dithmenos_shadow_blocks, temple_pool_b, uniq_duvessa
D:8:      layout_cave_pools, lair_entry_dummy, serial_gnoll_camp,
          gnoll_camp_mini_loothouse, gnoll_camp_mini_shop,
          gnoll_camp_mini_house, gnoll_camp_medium_02, grunt_decor_resistance,
          kennysheep_another_room, hellmonk_bongcloud_opening
D:9:      layout_irregular_city, uniq_harold
D:10:     layout_roguey, hiddenorc2_lemuel, serial_shops, nicolae_stop_n_shop_2
D:11:     layout_basic, nooodl_orcs_dogs
D:12:     layout_irregular_city
D:13:     layout_gridville
D:14:     layout_basic, erik_vaults_1, gauntlet_entry_generic,
          nrook_mini_backslash, gammafunk_ghost_wrathful_warriors,
          lemuel_zombie_altar_yredelemnul, uniq_azrael
Lair:1:   layout_chaotic_city, minmay_stone_trees_medium
Lair:2:   layout_regular_city, minmay_swamp_entry_swarm,
          nicolae_spider_entry_orb_guardian, lemuel_fruit_fields
Lair:3:   layout_cellular_growth, portal_ice_cave_entry_pillars_1
Lair:4:   layout_cellular_growth, grunt_megastairs_5,
          infiniplex_staircase_pool_2, uniq_rupert
Lair:5:   statuecave_lemuel, layout_hall_layers, slime_altar_1,
          serial_bayou_shore_a, serial_bayou_shore_b, uniq_nessos
Lair:6:   evil_forest, layout_cave_pods, nicolae_quartered_pool_little,
          evilmike_ambush [evilmike_ambush_outer_basic,
          evilmike_ambush_inner_basic]
Swamp:1:  layout_basic_swamp, nicolae_swamp_well_well_well
Swamp:2:  layout_falls_marsh, evilmike_swamp_ruin_rubble_1, swamp_pool1,
          cheibrodos_swamp_witchery, uniq_louise, uniq_mlioglotl
Swamp:3:  layout_falls_marsh, lemuel_altar_in_water, swamp_pool3,
          hangedman_swamp_blocks, nicolae_swamp_necromancy_gone_wrong
Swamp:4:  nzn_swamp_witches_coven, layout_basic_swamp
Orc:1:    layout_diamond_mine, basic_altar, minmay_orc_keep, uniq_urug
Orc:2:    st_orc_rangers, layout_caves, serial_shops, nicolae_shop_waterfront
Abyss:3:  base: D:2, minivault_13, grunt_abyss_rune_forest_and_sorcery,
          minivault_26

Skill      XL: |  1  2  3  4  5  6  7  8  9 10 11 12 13 14 15 |
---------------+----------------------------------------------+-----
Hexes          | 5 6 8 9 10 11 13 14 15 16 19 21 | 21.0
Spellcasting   | 3 4 6 8 |  8.7
Ice Magic      | 1 2 |  2.0
Short Blades   | 2 4 6 8 10 11 12 | 12.0
Stealth        | 6 9 10 13 16 18 20 | 20.0
Fighting       | 3 6 8 11 | 11.2
Dodging        | 3 6 9 11 12 | 12.0
Necromancy     | 1 |  1.9
Translocations | 2 |  2.0

Action                   |  1- 3 |  4- 6 |  7- 9 | 10-12 | 13-15 || total
-------------------------+-------+-------+-------+-------+-------++-------
Melee: Dagger            |   121 |   127 |   351 |   625 |   858 ||  2082
       Bite              |    13 |    10 |    43 |    81 |    96 ||   243
       Punch             |       |     2 |     6 |    16 |    12 ||    36
       Unarmed           |       |       |       |       |     1 ||     1
Throw: Stone             |       |     2 |       |       |       ||     2
 Cast: Ensorcelled Hiber |     5 |    23 |    59 |   104 |   146 ||   337
       Confusing Touch   |     1 |     4 |    18 |    25 |    34 ||    82
       Dazzling Flash    |       |     1 |     9 |    27 |    37 ||    74
       Tukima's Dance    |       |       |    26 |    11 |    68 ||   105
       Enfeeble          |       |       |       |       |    33 ||    33
       Apportation       |       |       |       |       |     3 ||     3
       Cause Fear        |       |       |       |       |     2 ||     2
Invok: Lunge             |       |       |    45 |    75 |   143 ||   263
       Whirlwind         |       |       |    16 |    75 |   143 ||   234
       Serpent's Lash    |       |       |       |     4 |    16 ||    20
 Abil: Exsanguinate      |     1 |       |       |       |       ||     1
       End Transformatio |       |       |       |     1 |     5 ||     6
       Bat Form          |       |       |       |     1 |     5 ||     6
       Wall Jump         |       |       |       |     1 |       ||     1
  Use: Scroll            |       |     9 |     7 |     9 |    14 ||    39
       Potion            |       |       |       |       |     1 ||     1
 Stab: Sleeping          |    13 |    30 |    53 |   111 |   180 ||   387
       Confused          |       |     4 |    16 |    24 |    35 ||    79
       Invisible         |       |       |     8 |    34 |    72 ||   114
       Distracted        |       |       |     1 |     2 |     3 ||     6
Armor: Robe              |    20 |    34 |    63 |    60 |    83 ||   260
Dodge: Dodged            |    71 |    56 |   123 |   251 |   389 ||   890

Table legend: (Time is in decaauts)
 A = Elapsed time spent in this place.
 B = Non-inter-level travel time spent in this place.
 C = Inter-level travel time spent in this place.
 D = Time resting spent in this place.
 E = Time spent auto-exploring this place.
 F = Levels seen in this place.
 G = Mean time per level.
                   A        B        C        D        E       F      G
               +--------+--------+--------+--------+--------+-----+--------+
         Total |  30543 |  28378 |   2165 |   7530 |  10150 |  28 | 1090.8 |
       Dungeon |  15636 |  14434 |   1202 |   3101 |   6392 |  14 | 1116.9 |
          Lair |   7517 |   6950 |    567 |   1643 |   2673 |   6 | 1252.8 |
         Swamp |   4005 |   3814 |    191 |   1349 |    566 |   4 | 1001.2 |
  Orcish Mines |   3354 |   3149 |    205 |   1437 |    519 |   2 | 1677.0 |
         Abyss |     23 |     23 |      0 |      0 |      0 |   1 |   23.0 |
      Ice Cave |      6 |      6 |      0 |      0 |      0 |   1 |    6.0 |
               +--------+--------+--------+--------+--------+-----+--------+

Top non-repeatable levels by time:
  Lair:6: 2151 daAuts
     D:9: 1985 daAuts
     D:8: 1967 daAuts
   Orc:1: 1838 daAuts
  Lair:2: 1600 daAuts
     D:4: 1534 daAuts
   Orc:2: 1516 daAuts
    D:11: 1329 daAuts
 Swamp:4: 1310 daAuts
  Lair:1: 1274 daAuts
     D:5: 1164 daAuts
     D:7: 1112 daAuts
    D:10: 1109 daAuts
 Swamp:3: 1109 daAuts
    D:13: 1065 daAuts
